 Dungeon Crawl Stone Soup version 0.27-a0-951-gae3e1deef5 (webtiles) character file.

Game seed: 6391212186849531037

14 Alarkh the Insei (level 2, 21/21 HPs)
             Began as a Demonspawn Transmuter on Apr 11, 2021.
             Got out of the dungeon alive.
             The game lasted 00:00:25 (776 turns).

Alarkh the Insei (Demonspawn Transmuter)             Turns: 776, Time: 00:00:26

Health: 21/21      AC:  2    Str: 10    XL:     2   Next: 31%
Magic:  5/5        EV: 12    Int: 14    God:
Gold:   15         SH:  0    Dex: 13    Spells: 4/5 levels left

rFire    . . .     SeeInvis .     - Unarmed
rCold    . . .     Faith    .   (no shield)
rNeg     . . .     Spirit   .   a - +0 robe
rPois    .         Reflect  .   (no helmet)
rElec    .         Harm     .   (no cloak)
rCorr    .         Rampage  .   (no gloves)
Will     .....                  (no boots)
Stlth    +.........             (no amulet)
HPRegen  0.07/turn              (no ring)
MPRegen  0.09/turn              (no ring)

@: no status effects
A: hooves 1
a: no special abilities


You escaped.
You visited 1 branch of the dungeon, and saw 2 of its levels.

You collected 15 gold pieces.

Inventory:

Armour
 a - a +0 robe (worn)
Scrolls
 c - a scroll of amnesia {unknown}
Potions
 b - a potion of mutation {unknown}


   Skills:
 + Level 1.3 Fighting
 - Level 1.7 Dodging
 * Level 3.0 Unarmed Combat
 + Level 2.1 Spellcasting
 + Level 2.0 Transmutations


You had 4 spell levels left.
You knew the following spells:

 Your Spells              Type           Power      Damage    Failure   Level
a - Beastly Appendage     Tmut           14%        N/A       11%         1

Your spell library contained the following spells:

 Spells                   Type           Power      Damage    Failure   Level
 Wereblood                Tmut           7%         N/A       16%         2
 Spider Form              Tmut/Pois      2%         N/A       43%         3
 Ice Form                 Ice/Tmut       4%         N/A       83%         4
 Hydra Form               Tmut           3%         N/A       96%         5


Dungeon Overview and Level Annotations

Branches:
Dungeon (2/15)

Altars:


Innate Abilities, Weirdness & Mutations

You have large cloven feet.


Message History

There is a stone staircase leading down here.
You climb downwards.
Found a whip.
There is a stone staircase leading up here.
Your horns disappear.
A bat comes into view.
A bat is nearby!
Casting: Beastly Appendage (safe; 11% risk of failure)
Confirm with . or Enter, or press ? or * to list all spells.
You grow a pair of large bovine horns.
Unknown command.
Your transformation is almost over.
The bat closely misses you.
Found a robe and a runed chain mail.
You barely miss the bat. Your headbutt misses the bat.
The bat hits you but does no damage. x2
You completely miss the bat. Your headbutt misses the bat.
The bat hits you but does no damage. The bat hits you but does no damage.
The bat closely misses you. The bat hits you but does no damage.
The bat closely misses you. The bat completely misses you.
You hit the bat.
You kill the bat!
No target in view!
No target in view!
No target in view!
(D) Dungeon
Where to? (Enter - D:2, ? - help)
Your horns disappear.
Magic restored.
There is a stone staircase leading up here.
You climb upwards.
There is a stone staircase leading down here.
Unknown command.
You see here 20 stones.
You see here a +0 scale mail.
There is a staircase leading out of the dungeon here.
Are you sure you want to leave the Dungeon?
This will make you lose the game!
You have escaped!

...............# #.......#
...............# #######.#
......)......#.# #.##
.............#.# #..#
.............#.# ########.#
.............#.###.....##[#
.............#.##.#####.#.#
########.#####.#..8≈8≈8.#.#
#.#####.#@.≈≈≈≈≈...#
#......>#..8≈8≈8.###
##########.#####.#
##.....## #######


There were no monsters in sight!

Vanquished Creatures
  2 bats
  2 endoplasms (D:1)
  2 hobgoblins (D:1)
  A quokka (D:1)
  3 ball pythons (D:1)
  2 frilled lizards (D:1)
  A kobold (D:1)
13 creatures vanquished.

Notes
Turn   | Place    | Note
-------+----------+-------------------------------------------
     0 | D:1      | Alarkh the Demonspawn Transmuter began the quest for the
                  | Orb.
     0 | D:1      | Reached XP level 1. HP: 15/15 MP: 3/3
   235 | D:1      | Found a faded altar of an unknown god.
   302 | D:1      | Lost mutation: You have razor-sharp toenails. [demonic
                  | ancestry]
   302 | D:1      | Lost mutation: You have sharp toenails. [demonic ancestry]
   302 | D:1      | Gained mutation: You have large cloven feet. [demonic
                  | ancestry]
   302 | D:1      | Reached XP level 2. HP: 19/21 MP: 3/5
   311 | D:1      | Reached skill level 3 in Unarmed Combat
   776 | D:$      | Got out of the dungeon alive.

Illustrated notes

Levels and vault maps discovered:
D:1:      lightli_arrival_statue_moat, layout_basic, basic_ecumenical_altar,
          grunt_decor_cap
D:2:      layout_rooms, basic_altar

Skill      XL: |  1  2 |
---------------+-------+-----
Transmutations | 2 |  2.0
Unarmed Combat | 3 |  3.0
Fighting       | |  1.3
Dodging        | |  1.7
Spellcasting   | |  2.1

Action                   || total
-------------------------++-------
Melee: Unarmed           ||    36
       Kick              ||     8
       Headbutt          ||     1
 Cast: Beastly Appendage ||     8
Armor: Robe              ||     9
Dodge: Dodged            ||    22

Table legend: (Time is in decaauts)
 A = Elapsed time spent in this place.
 B = Non-inter-level travel time spent in this place.
 C = Inter-level travel time spent in this place.
 D = Time resting spent in this place.
 E = Time spent auto-exploring this place.
 F = Levels seen in this place.
 G = Mean time per level.
                   A        B        C        D        E       F      G
               +--------+--------+--------+--------+--------+-----+--------+
         Total |    775 |    665 |    110 |      0 |    582 |   2 |  387.5 |
       Dungeon |    775 |    665 |    110 |      0 |    582 |   2 |  387.5 |
               +--------+--------+--------+--------+--------+-----+--------+

Top non-repeatable levels by time:
     D:1: 697 daAuts
     D:2: 77 daAuts
